 Dungeon Crawl Stone Soup version 0.27-a0-906-g0a00ce863d (webtiles) character file.

Game seed: 5033657311678831302

161 spiderkeys the Shield-Bearer (level 5, -1/42 HPs)
             Began as a Formicid Fighter on Apr 6, 2021.
             Was an Initiate of Okawaru.
             Slain by an ogre
             ... wielding a +0 giant club
              (14 damage)
             ... on level 4 of the Dungeon.
             The game lasted 00:06:34 (4268 turns).

spiderkeys the Shield-Bearer (Formicid Fighter)     Turns: 4268, Time: 00:06:35

Health: -1/42      AC: 13    Str: 22    XL:     5   Next: 70%
Magic:  5/5        EV:  5    Int:  7    God:    Okawaru [......]
Gold:   1530       SH:  9    Dex: 10    Spells: 4/4 levels left

rFire    . . .     SeeInvis +   g - +1 executioner's axe (vorpal)
rCold    . . .     Faith    .   c - +0 kite shield
rNeg     . . .     Spirit   .   p - +0 plate armour
rPois    .         Reflect  .   (helmet unavailable)
rElec    .         Harm     .   i - +0 cloak {rCorr}
rCorr    +         Rampage  .   (no gloves)
Will     +....                  (no boots)
Stlth    ..........             (no amulet)
HPRegen  0.14/turn              f - ring of willpower
MPRegen  0.09/turn              (no ring)

@: no status effects
A: permanent stasis, dig shafts and tunnels, antennae 3, four strong arms
a: Dig, Shaft Self, Renounce Religion


You were on level 4 of the Dungeon.
You worshipped Okawaru.
Okawaru was noncommittal.
You visited 1 branch of the dungeon, and saw 4 of its levels.

You collected 1560 gold pieces.
You spent 30 gold pieces at shops.

Inventory:

Hand Weapons
 a - a +0 war axe
 g - a +1 vorpal executioner's axe (weapon)
Armour
 c - a +0 kite shield (worn)
 i - a +0 cloak of preservation (worn)
 p - a +0 plate armour (worn)
Jewellery
 f - a ring of willpower (left hand)
Wands
 n - a wand of digging (5)
Scrolls
 b - 2 scrolls of enchant armour {unknown}
 e - a scroll of magic mapping {unknown}
 j - a scroll of blinking
 l - a scroll of amnesia
 q - a scroll of identify
 r - a scroll of immolation {unknown}
Potions
 d - a potion of might
 h - a potion of brilliance {unknown}
 k - a potion of experience {unknown}
 m - a potion of heal wounds {unknown}
 o - a potion of curing


   Skills:
 + Level 4.1 Fighting
 * Level 3.7 Axes
 + Level 4.1 Armour
 + Level 4.5 Shields


You had 4 spell levels left.
You didn't know any spells.
Your spell library was empty.

Dungeon Overview and Level Annotations

Branches:
Dungeon (4/15)
 Temple: D:4-7

Altars:
Dithmenos
Nemelex Xobeh
Okawaru
Yredelemnul

Shops:
D:2 !


Innate Abilities, Weirdness & Mutations

You cannot be hasted, slowed, berserked, paralysed or teleported.
You can dig through walls and to a lower floor.
You have a pair of large antennae on your head. (SInv)
Your four strong arms can wield two-handed weapons with a shield.


Message History

Things that are here:
a +0 short sword of protection; a kobold corpse
Found a robe.
r - a scroll labelled PYRYILAPLO You see here a +0 robe.
Found a rapier.
Found a stone staircase leading down.
No target in view!
No target in view!
You open the door.
There is an open door here.
You open the door.
There is an open door here.
You open the door.
There is an open door here.
Things that are here:
a +0 club; a +0 ring mail An ogre comes into view.
It is wielding a +0 giant club.
The ogre shouts!
Found 10 gold pieces.
You hit the ogre but do no damage. The ogre barely misses you.
You block the ogre's attack.
You slash the ogre!
The ogre is heavily wounded.
The ogre hits you with a +0 giant club! The ogre hits you but does no damage.
You barely miss the ogre.
The ogre is heavily wounded.
The ogre hits you with a +0 giant club!
You are too injured to fight recklessly!
You are too injured to fight recklessly!
You are too injured to fight recklessly!
There is a stone staircase leading up here.
You barely miss the ogre.
The ogre is heavily wounded.
The ogre hits you with a +0 giant club!
* * * LOW HITPOINT WARNING * * *
The ogre closely misses you.
You barely miss the ogre.
The ogre is heavily wounded.
The ogre hits you with a +0 giant club!
You die...

##########
#########.........
..#...............
#.#.#####.........
##.#.#####.........
.#...#.#.@#.##...>........
.... ..##O#.##.###........
.......#.....#.# ######'##
#...#.##.#..#.# #...
...$.#.....#.# ####
...####....# #..#
#..####### #.###..# #...#
# #......# #.#.# #


You could see an ogre.

Vanquished Creatures
  Terence (D:2)
  A gnoll (D:1)
  5 adders
  2 worms (D:2)
  2 dart slugs
  7 orcs
  6 bats
  10 endoplasms
  5 goblins
  5 hobgoblins
  4 jackals (D:4)
  5 kobolds
  3 quokkas (D:2)
  7 ball pythons
  2 frilled lizards
  3 rats (D:3)
  A bush (D:1)
69 creatures vanquished.

Vanquished Creatures (others)
  A plant (D:1)
1 creature vanquished.

Grand Total: 70 creatures vanquished

Notes
Turn   | Place    | Note
-------+----------+-------------------------------------------
     0 | D:1      | spiderkeys the Formicid Fighter began the quest for the
                  | Orb.
     0 | D:1      | Reached XP level 1. HP: 18/18 MP: 1/1
    14 | D:1      | Reached XP level 2. HP: 17/24 MP: 2/2
   509 | D:1      | Reached XP level 3. HP: 29/29 MP: 3/3
  1674 | D:2      | Reached XP level 4. HP: 37/37 MP: 4/4
  1868 | D:2      | Noticed Terence
  1874 | D:2      | Killed Terence
  2036 | D:2      | Reached XP level 5. HP: 42/42 MP: 5/5
  2188 | D:2      | Found a faded altar of an unknown god.
  2250 | D:2      | Found Gieruofo's Distillery.
  2254 | D:2      | Bought a potion of curing for 30 gold pieces
  2526 | D:3      | Identified 3 scrolls of acquirement
  2526 | D:3      | Acquired a +0 cloak of preservation
  2527 | D:3      | Acquired a +1 vorpal executioner's axe
  2528 | D:3      | Acquired 1355 gold pieces
  2538 | D:3      | You fall into a shaft and drop 1 floor!
  2686 | D:3      | Found a basalt altar of Yredelemnul.
  2699 | D:3      | Found a sparkling altar of Nemelex Xobeh.
  2832 | D:3      | Found a shadowy altar of Dithmenos.
  3413 | D:3      | Found an iron altar of Okawaru.
  3424 | D:3      | Became a worshipper of Warmaster Okawaru
  4250 | D:4      | Noticed an ogre
  4268 | D:4      | Slain by an ogre

Illustrated notes

Levels and vault maps discovered:
D:1:      mrwooster_arrival_arrow, layout_basic, serial_forest,
          infiniplex_forest_lined_2, infiniplex_forest_lined_room_,
          infiniplex_forest_fountain, infiniplex_forest_zigzag_1,
          infiniplex_forest_lined_corner, infiniplex_forest_split
D:2:      layout_rooms, ebering_ecumenical_altar_box, serial_shops,
          nicolae_shop_behind_doors, uniq_terence
D:3:      layout_basic, kennysheep_okawaru_gauntlet,
          nicolae_dithmenos_shadow_blocks, nicolae_overflow_hidden_temple,
          amcnicky_altar_gilded
D:4:      kennysheep_the_goblin_king, layout_basic, nzn_wu_jian_council_hall,
          temple_hall

Skill      XL: |  1  2  3  4  5 |
---------------+----------------+-----
Shields        | 4 |  4.5
Axes           | 3 |  3.7
Fighting       | 4 |  4.1
Armour         | 4 |  4.1

Action                   |  1- 3 |  4- 6 || total
-------------------------+-------+-------++-------
Melee: War axe           |   104 |    86 ||   190
       Executioner's axe |       |   113 ||   113
 Abil: Dig               |       |     3 ||     3
  Use: Scroll            |       |     6 ||     6
Armor: Scale mail        |    23 |    35 ||    58
       Plate armour      |       |   126 ||   126
Dodge: Dodged            |    16 |    63 ||    79
Block: Kite shield       |    28 |   172 ||   200

Table legend: (Time is in decaauts)
 A = Elapsed time spent in this place.
 B = Non-inter-level travel time spent in this place.
 C = Inter-level travel time spent in this place.
 D = Time resting spent in this place.
 E = Time spent auto-exploring this place.
 F = Levels seen in this place.
 G = Mean time per level.
                   A        B        C        D        E       F      G
               +--------+--------+--------+--------+--------+-----+--------+
         Total |   4479 |   4379 |    100 |    276 |   3205 |   4 | 1119.8 |
       Dungeon |   4479 |   4379 |    100 |    276 |   3205 |   4 | 1119.8 |
               +--------+--------+--------+--------+--------+-----+--------+

Top non-repeatable levels by time:
     D:1: 1630 daAuts
     D:3: 1153 daAuts
     D:2: 986 daAuts
     D:4: 709 daAuts
